 Dungeon Crawl Stone Soup version 0.32-a0-975-g85d4e5bfdb (webtiles) character file.

Game seed: 5511603169019135387

1973905 ragingrage the Middleweight Champion (level 26, 225/225 (247) HPs)
             Began as a Ghoul Warper on Apr 19, 2024.
             Was the Champion of Ru.
             Escaped with the Orb
             ... and 4 runes on Apr 20, 2024!
             The game lasted 02:06:20 (93510 turns).

ragingrage the Middleweight Champion (GhWr)        Turns: 93510, Time: 02:06:20

HP:   225/225 (247) AC: 42    Str: 27      XL:     26
MP:   29/29         EV: 12    Int: 19      God:    Ru [******]
Gold: 2999          SH: 18    Dex: 10 (12) Spells: 17/33 levels left

rFire   + .          .
                       - Unarmed
rCold   + . .        a - +3 warlock's mirror {omnireflect}
rNeg    + + +        v - +8 plate armour "Jywoejoo" {rElec}
rPois   ∞            T - +2 helmet {SInv}
rElec   +            G - +2 cloak
rCorr   +            z - +1 pair of gloves {hurl}
SInv    +            s - +0 pair of boots of the Kappa {rF+ rCorr Int+4}
Will    +....        o - brooch of Shielding {Spirit SH+8} Stlth
                     J - ring of Mistrust {rF+ rC+}
HPRegen 0.00/turn    e - ring of Agruithu {AC+4 Str+2 Int+3 Dex+2}
MPRegen 0.21/turn

%: reflection, guardian spirit
@: inhibited regen, studying Necromancy, drained
A: claws 1, cold resistance 1, negative energy resistance 3, screaming 1,
inhibited regeneration, torment resistance 2, hated by all, no conjurations
magic, no hexes magic, no ice magic, inexperienced 1, temperature sensitive,
devour on kill
0: Orb of Zot
}: 4/15 runes: barnacled, slimy, silver, gossamer
a: Renounce Religion, Draw Out Power, Power Leap, Apocalypse


You escaped.
You worshipped Ru.
Ru was exalted by your worship.
You visited 12 branches of the dungeon, and saw 56 of its levels.
You visited the Abyss 2 times.
You visited 1 ziggurat, and saw 4 of its levels.
You also visited: Trove and Volcano.

You collected 7815 gold pieces.
You spent 4816 gold pieces at shops.

Inventory:

Missiles
 h - 6 throwing nets
 k - 7 javelins
 n - 13 silver javelins
 q - 2 boomerangs (quivered)
 C - 10 curare-tipped darts
 S - 4 datura-tipped darts
Armour
 a - the +3 warlock's mirror (worn) {omnireflect}
   (You bought it in a shop on level 3 of the Elven Halls)

   Omnireflect: It can block and reflect piercing ranged attacks and magical
   attacks against the wielder's willpower.
 s - the +0 pair of boots of the Kappa (worn) {rF+ rCorr Int+4}
   (You found it in a treasure trove)

   Int+4:     It affects your intelligence (+4).
   rF+:       It protects you from fire.
   rCorr:     It protects you from acid and corrosion.
 v - the +8 plate armour "Jywoejoo" (worn) {rElec}
   (You found it in a treasure trove)

   rElec:     It insulates you from electricity.
 z - a +1 pair of gloves of hurling (worn)
 G - a +2 cloak (worn)
 T - a +2 helmet of see invisible (worn)
Jewellery
 c - the ring "Jiygyomm" {rC++ Will+ SInv}
   (You took it off a yaktaur captain on level 5 of the Vaults)

   [ring of see invisible]

   rC++:      It greatly protects you from cold.
   Will+:     It increases your willpower.
   SInv:      It lets you see invisible.
 e - the ring of Agruithu (right hand) {AC+4 Str+2 Int+3 Dex+2}
   (You took it off a deep elf zephyrmancer on level 3 of the Elven Halls)

   [ring of protection]

   AC+4:      It affects your AC (+4).
   Str+2:     It affects your strength (+2).
   Int+3:     It affects your intelligence (+3).
   Dex+2:     It affects your dexterity (+2).
 g - the ring "Zisav" {rPois MP+9 Stlth+}
   (You found it on level 4 of a ziggurat)

   [ring of magical power]

   rPois:     It protects you from poison.
   MP+9:      It affects your magic capacity (+9).
   Stlth+:    It makes you more stealthy.
 o - the brooch of Shielding (around neck) {Spirit SH+8}
   (You took it off a deep elf annihilator on level 5 of the Vaults)

   [amulet of guardian spirit]

   Spirit:    It causes incoming damage to be divided between your reserves of
   health and magic.
   SH+8:      It affects your SH (+8).
 J - the ring of Mistrust (left hand) {rF+ rC+}
   (You found it on level 11 of the Dungeon)

   [ring of protection from fire]

   rF+:       It protects you from fire.
   rC+:       It protects you from cold.
Wands
 d - a wand of acid (25)
 m - a wand of roots (48)
 y - a wand of mindburst (95)
 D - a wand of paralysis (77)
 E - a wand of polymorph (37)
 Z - a wand of digging (13)
Scrolls
 b - 9 scrolls of blinking
 f - 11 scrolls of noise
 i - 3 scrolls of torment
 p - 22 scrolls of teleportation
 r - 8 scrolls of fear
 t - 18 scrolls of vulnerability
 K - 3 scrolls of poison
 M - 8 scrolls of immolation
 O - 4 scrolls of revelation
 P - 7 scrolls of fog
 X - 5 scrolls of silence
Potions
 j - 9 potions of attraction
 l - 8 potions of brilliance
 u - 6 potions of enlightenment
 w - 7 potions of heal wounds
 B - 8 potions of haste
 H - 2 potions of invisibility
 I - 4 potions of magic
 N - 16 potions of curing
 R - 2 potions of might
 V - 4 potions of resistance
 W - 4 potions of cancellation
 Y - 6 potions of ambrosia
Miscellaneous
 x - a condenser vane
 F - a lightning rod (4/4)
 L - a Gell's gravitambourine (2/2)


   Skills:
 + Level 22.2 Fighting
 - Level 0.5 Axes
 - Level 16.0 Throwing
 - Level 18.0 Armour
 - Level 16.7 Dodging
 - Level 5.0 Stealth
 - Level 14.0 Shields
 O Level 27 Unarmed Combat
 - Level 4.0 Spellcasting
 - Level 11.0 Necromancy
 - Level 12.0 Translocations
 - Level 8.0 Air Magic
 - Level 13.0 Evocations


You had 17 spell levels left.
You knew the following spells:

 Your Spells              Type           Power      Damage    Failure   Level
a - Fugue of the Fallen   Necr           45%        N/A       2%          3
b - Blink                 Tloc           98%        N/A       1%          2
d - Maxwell's Portable P  Tloc           49%        2d(10-28) 1%          3
e - Passage of Golubria   Tloc           49%        N/A       6%          4
f - Vhi's Electric Charg  Tloc/Air       82%        N/A       13%         4

Your spell library contained the following spells:

 Spells                   Type           Power      Damage    Failure   Level
 Apportation              Tloc           98%        N/A       1%          1
 Necrotise                Necr           100%       1d9       1%          1
 Lesser Beckoning         Tloc           98%        N/A       1%          2
 Teleport Other           Tloc           49%        N/A       1%          3
 Vampiric Draining        Necr           45%        2d9       2%          3
 Swiftness                Air            34%        N/A       9%          3
 Dispel Undead            Necr           45%        3d17      9%          4
 Cigotuvi's Dreadful Rot  Necr/Alch/Air  54%        N/A       10%         2
 Mercury Vapours          Alch/Air       38%        N/A       24%         2
 Curse of Agony           Necr           45%        N/A       24%         5
 Sandblast                Erth           6%         2d5       63%         1
 Dispersal                Tloc           24%        N/A       65%         6
 Gell's Gavotte           Tloc           24%        2d(22-32) 65%         6
 Scorch                   Fire           6%         2d5       77%         2
 Passwall                 Erth           3%         N/A       94%         3
 Manifold Assault         Tloc           24%        N/A       99%         7
 Ignite Poison            Fire/Alch      3%         N/A       100%        4
 Leda's Liquefaction      Alch/Erth      1%         N/A       100%        4
 Olgreb's Toxic Radiance  Alch           3%         N/A       100%        4
 Petrify                  Alch/Erth      3%         N/A       100%        4
 Alistair's Intoxication  Alch           2%         N/A       100%        5
 Lee's Rapid Deconstruct  Erth           1%         3d4*      100%        5
 Eringya's Noxious Bog    Alch           1%         4d6       100%        6
 Plasma Beam              Fire/Air       9%         2x1d20    100%        6
 Magnavolt                Erth/Air       9%         3d11      100%        7
 Ignition                 Fire           1%         3d3       100%        8
 Maxwell's Capacitive Co  Air            17%        ∞         100%        8
 Shatter                  Erth           1%         3d6*      100%        9
 Iskenderun's Mystic Bla Conj/Tloc Unusable       2d7        (+2d3     N/A         4
 Foxfire                  Conj/Fire      Unusable   2x1d4     N/A         1
 Sting                    Conj/Alch      Unusable   1d3       N/A         1
 Anguish                  Hex/Necr       Unusable   N/A       N/A         4
 Martyr's Knell           Necr/Summ      Unusable   N/A       N/A         4
 Ensorcelled Hibernation  Hex/Ice        Unusable   N/A       N/A         2
 Jinxbite                 Hex            Unusable   N/A       N/A         2
 Summon Forest            Summ/Tloc      Unusable   N/A       N/A         5
 Inner Flame              Hex/Fire       Unusable   N/A       N/A         3
 Ozocubu's Armour         Ice            Unusable   N/A       N/A         3
 Stone Arrow              Conj/Erth      Unusable   3d7       N/A         3
 Animate Armour           Summ/Erth      Unusable   N/A       N/A         4
 Freezing Cloud           Conj/Ice/Air   Unusable   6-21      N/A         5
 Irradiate                Conj/Alch      Unusable   3d12      N/A         5
 Metabolic Englaciation   Hex/Ice        Unusable   N/A       N/A         5
 Permafrost Eruption      Ice/Erth       Unusable   2x4d2     N/A         6
 Starburst                Conj/Fire      Unusable   6d3       N/A         6
 Ozocubu's Refrigeration  Ice            Unusable   4d7       N/A         7
 Rimeblight               Ice/Necr       Unusable   2d5       (primaN/A   7
 Seismic Cannonade        Alch/Erth      Unusable   6d4       N/A         7
 Summon Hydra             Summ           Unusable   N/A       N/A         7
 Discord                  Hex            Unusable   N/A       N/A         8
 Infestation              Necr           Unusable   N/A       N/A         8
 Lehudib's Crystal Spear  Conj/Erth      Unusable   10d2      N/A         8

Dungeon Overview and Level Annotations

Branches:
Dungeon (15/15)            Temple (1/1) D:4            Lair (5/5) D:8
 Shoals (4/4) Lair:2       Spider (4/4) Lair:3        Slime (5/5) Lair:4
    Orc (2/2) D:9             Elf (3/3) Orc:2        Vaults (5/5) D:13
  Crypt (3/3) Vaults:2       Tomb (0/3) Crypt:3      Depths (4/4) D:15
    Zot (5/5) Depths:4    Volcano (visited)

Altars:
Ashenzari
Cheibriados
Dithmenos
Gozag
Kikubaaqudgha
Makhleb
Nemelex Xobeh
Okawaru
Qazlal
Ru
Sif Muna
Trog
Uskayaw
Vehumet
Wu Jian
Xom

Shops:
D:3 :   D:12 :   D:15 ?   Orc:1 *(   Orc:2 =([(   Elf:1 ?*   Elf:2 :   Elf:3 [
Vaults:1 [   Vaults:2 !   Depths:1 *?[=   Depths:2 [

Portals:
Hell: Depths:1 Depths:3 Depths:4
Abyss: Depths:3 Depths:4
Pandemonium: Depths:1 Depths:2 Depths:3

Annotations:
D:13 exclusion: upstairs
Shoals:1 Roxanne
Elf:2 exclusion: 5 doors
Vaults:1 2 transporters, Zumnang's ghost, adept KoEn
Depths:2 1 exclusion
Zot:4 exclusion: downstairs


Innate Abilities, Weirdness & Mutations

You are immune to poison.
You have sharp fingernails.
Your flesh is cold resistant. (rC+)
You are immune to negative energy. (rN+++)
You occasionally shout uncontrollably at your foes.
You do not regenerate when monsters are visible.
You are immune to unholy pain and torment.
You are hated by all.
You cannot study or cast Conjurations magic.
You cannot study or cast Hexes magic.
You cannot study or cast Ice magic.
You are somewhat inexperienced. (-1 XL)
You are sensitive to extremes of temperature. (rF-, rC-)
You thrive by killing the living.


Message History

You climb upwards.
There is a stone staircase leading down here.
There is a stone staircase leading up here.
You climb upwards.
There is a stone staircase leading down here.
There is a stone staircase leading up here.
You climb upwards.
There is a stone staircase leading down here.
There is a stone staircase leading up here.
You climb upwards.
There is a stone staircase leading down here.
There is a stone staircase leading up here.
You climb upwards.
There is a stone staircase leading down here.
There is a stone staircase leading up, spattered with blood here.
You see here a +0 club.
You climb upwards.
There is a stone staircase leading down here.
An Orb Guardian comes into view.
The Orb Guardian moves out of view.
You open the door.
There is an open door here.
The Orb Guardian hits you.
You see here a gnoll skeleton.
You see here a gnoll skeleton.
You closely miss the Orb Guardian. You block the Orb Guardian's attack.
You punch the Orb Guardian! You block the Orb Guardian's attack.
You punch the Orb Guardian!
The Orb Guardian is stunned by your conviction and fails to attack.
You pummel the Orb Guardian!!
You pulverise the Orb Guardian!!!
You kill the Orb Guardian!
You feel better.
No target in view!
You see here a gnoll skeleton.
No target in view!
You see here a gnoll skeleton.
There is a staircase leading out of the dungeon here.
There is a staircase leading out of the dungeon here.
You have escaped!

...# ###.........# ...#
###........####
...###..........#
................#
..###...........###
..................#
......#.....#########
#...........#.÷.3...#
..#.........#..÷@÷÷.#
#...#.......#.÷..32.#
..÷.........#÷÷.#÷..#
.X..........#.÷÷#÷..#
..####.#....#..÷#..3#
............#..÷>÷..#
............##.###.###########
............##'###'##........#
......##.....................#


You could see a balrug and 3 sun demons.

Vanquished Creatures
  the Royal Jelly (Slime:5)
  3 dread liches
  5 ancient liches
  9 orbs of fire
  Xtahua (Depths:3)
  Saint Roka (Vaults:5)
  4 Killer Klowns (Zot:5)
  2 curse toes
  Margery (Vaults:4)
  4 golden dragons
  A profane servitor (Zig:4)
  A bone dragon (Crypt:3)
  5 electric golems
  Jorgrun (D:15)
  A searing wretch (Vaults:4)
  Rupert (D:15)
  27 Orb Guardians
  3 titans
  2 liches
  2 walking crystal tomes (Depths:2)
  9 tentacled monstrosities
  A tentacled starspawn (Abyss:2)
  2 deep elf master archers (Elf:3)
  5 quicksilver dragons
  8 sphinxes
  3 deep elf blademasters (Elf:3)
  5 death cobs
  13 acid blobs
  Agnes (Elf:1)
  11 ancient champions
  An Executioner (Abyss:2)
  7 tengu reavers
  19 storm dragons
  7 shadow dragons
  Aizul (Shoals:1)
  4 revenants
  A fenstrider witch (Shoals:4)
  5 fire giants
  4 draconian monks (Zot:3)
  Donald (Shoals:1)
  13 rockslimes
  10 azure jellies
  16 vault wardens
  2 iron dragons
  A balrug (Depths:1)
  2 draconian scorchers
  7 emperor scorpions
  8 deep elf sorcerers
  7 ghost moths
  A draconian shifter (Depths:4)
  A caustic shrike zombie (Depths:3)
  An orc warlord (Orc:2)
  3 deep elf elementalists (Elf:3)
  A reaper (Depths:2)
  4 draconian annihilators
  6 frost giants
  A draconian stormcaller (Zot:3)
  20 ironbound preservers
  3 formless jellyfish
  11 ghouls
  15 very ugly things
  14 quicksilver oozes
  11 stone giants
  12 ironbound thunderhulks
  2 broodmothers (Spider:3)
  A green draconian (Depths:4)
  8 deep elf death magi
  9 deep elf annihilators
  3 demonspawn black suns (Zot:3)
  5 deep elf demonologists
  3 vampire knights
  A lorocyproca (Depths:1)
  A war gargoyle (Vaults:4)
  7 purple draconians
  3 white draconians
  Azrael (Orc:2)
  3 yellow draconians
  5 dire elephants (Vaults:3)
  7 spark wasps
  7 red draconians
  3 eidola
  2 blizzard demons
  14 jiangshi
  A quicksilver dragon zombie (Depths:3)
  An acid blob zombie (Crypt:2)
  7 ettins
  5 entropy weavers
  8 merfolk impalers
  6 deep elf high priests
  3 fire dragons
  16 yaktaur captains
  A spriggan zombie (Crypt:3)
  A quicksilver dragon skeleton (Crypt:2)
  Fannar (D:12)
  5 merfolk javelineers
  10 great orbs of eyes
  Erolcha (D:9)
  3 rakshasas
  4 radroaches
  37 vault guards
  5 ice dragons
  5 hydras
  A sphinx zombie (Depths:3)
  2 spriggan skeletons
  2 spriggan air magi
  7 boulder beetles
  9 ironbound frosthearts
  3 catoblepae
  3 peacekeepers
  Erica (D:11)
  10 ogre magi
  5 centaur warriors
  A jorogumo (Spider:1)
  7 merfolk avatars
  A merfolk aquamancer (Shoals:4)
  17 dancing weapons
  A satyr (Shoals:4)
  29 two-headed ogres
  10 tengu warriors
  12 death yaks
  8 deep troll shamans
  6 deep troll earth magi
  2 alligator snapping turtles (Shoals:4)
  7 occultists
  3 demonic crawlers
  3 thrashing horrors
  An orc high priest (Vaults:5)
  2 spriggan berserkers
  3 shock serpents (shapeshifter)
  A naga warrior (D:13)
  12 vampire magi
  3 hell knights
  4 soul eaters
  A sun demon (Depths:2)
  6 deep elf knights
  4 iron trolls
  3 skysharks
  Amaemon (Lair:1)
  A bunyip zombie (Crypt:1)
  A skyshark (shapeshifter) (Vaults:5)
  3 wretched stars
  A golden dragon zombie (Crypt:3)
  An iron giant zombie (Crypt:3)
  6 pharaoh ants
  5 flayed ghosts
  3 shadow wraiths (Crypt:3)
  2 sixfirhies (Depths:1)
  2 sea snakes (shapeshifter)
  31 skeletal warriors
  13 orb spiders
  3 glowing orange brains
  A glowing orange brain (shapeshifter) (Vaults:5)
  12 deep elf archers
  12 arcanists
  A swamp dragon (shapeshifter) (D:14)
  67 deep trolls
  2 sun moths
  5 bog bodies
  7 steelbarb worms
  15 sea snakes
  9 lindwurms
  12 ironbound convokers
  A sun moth (shapeshifter) (Elf:3)
  A shadow demon (Depths:3)
  An obsidian bat (Orc:1)
  24 deep elf pyromancers
  2 thermic dynamos (Elf:1)
  5 phantasmal warriors
  A lightning spire (Zot:4)
  An obsidian statue (Zot:5)
  19 harpies
  19 deep elf zephyrmancers
  8 necromancers
  5 large abominations
  10 orc knights
  27 wolf spiders
  7 cyclopes
  3 orc sorcerers
  37 ugly things
  A faun (shapeshifter) (Depths:3)
  A shadow dragon skeleton (Depths:1)
  15 manticores
  4 shining eyes
  Maurice (D:12)
  24 moths of wrath
  5 fauns
  19 elephants
  7 merfolk sirens
  2 stone giant skeletons (Vaults:2)
  A stone giant zombie (Depths:1)
  2 meliai (Spider:1)
  2 rust devils
  A dire elephant zombie (Crypt:3)
  A frost giant skeleton (Depths:3)
  Joseph (D:9)
  10 cane toads
  2 molten gargoyles (Volcano)
  12 water nymphs
  3 eyes of devastation
  8 torpor snails
  22 vault sentinels
  2 centaur zombies
  A smoke demon (Depths:2)
  A black mamba (shapeshifter) (Elf:3)
  An orange demon (D:8)
  3 kobold blastminers
  3 black mambas
  2 gargoyles
  A torpor snail (shapeshifter) (Vaults:4)
  5 rime drakes
  A steelbarb worm zombie (Crypt:1)
  A dire elephant skeleton (Crypt:3)
  6 freezing wraiths
  A kobold demonologist (D:14)
  An efreet (Abyss:2)
  10 komodo dragons
  2 unseen horrors
  39 yaktaurs
  Psyche (D:9)
  5 guardian mummies (Crypt:3)
  A komodo dragon (shapeshifter) (Vaults:5)
  6 tengu conjurers
  A golden dragon simulacrum (Depths:1)
  A queen bee (shapeshifter) (Elf:3)
  7 trolls
  A polar bear (shapeshifter) (Elf:3)
  2 polar bears
  28 merfolk
  A red draconian skeleton (Crypt:1)
  A tarantella (shapeshifter) (Abyss:2)
  A harpy zombie (Crypt:3)
  8 wind drakes
  25 tarantellas
  A guardian serpent zombie (Crypt:3)
  3 hornets
  A hydra skeleton (Crypt:3)
  Prince Ribbit (D:5)
  A glass eye (Depths:3)
  7 snapping turtles
  21 blink frogs
  Grinder (D:5)
  26 jumping spiders
  A radroach zombie (Crypt:1)
  A glass eye (shapeshifter) (Vaults:5)
  7 dream sheep
  An ettin zombie (Crypt:1)
  78 slime creatures
  2 ettin skeletons
  An air elemental (Elf:1)
  3 spriggans
  2 shadows
  A black mamba zombie (Crypt:2)
  A ynoxinul (Abyss:2)
  33 culicivoras
  10 water elementals
  11 wraiths
  9 wyverns
  67 yaks
  5 vampires (Crypt:3)
  A fire bat (Volcano)
  A wind drake zombie (Crypt:1)
  A steam dragon (D:7)
  8 wargs
  A golden eye (Zig:1)
  6 fire elementals
  63 redbacks
  8 vampire mosquitoes
  4 basilisks
  A demonspawn zombie (Crypt:2)
  A golden eye (shapeshifter) (Vaults:5)
  3 acid dragons
  Duvessa (D:6)
  A glowing shapeshifter skeleton (Vaults:2)
  20 water moccasins
  2 hell hounds
  A cane toad skeleton (Crypt:2)
  A deep troll skeleton (Crypt:2)
  4 black bears
  A swamp dragon zombie (Crypt:1)
  13 orc warriors
  A sky beast (D:6)
  22 laughing skulls
  39 ogres
  10 boggarts
  An elephant skeleton (Crypt:1)
  16 centaurs
  5 wolves
  Blork the orc (D:6)
  20 bullfrogs
  7 kobold brigands
  2 brain worms (Abyss:2)
  2 small abominations (Abyss:2)
  A draconian skeleton (Crypt:2)
  3 scorpions
  19 wights
  Dowan (D:6)
  A polar bear skeleton (Crypt:3)
  24 killer bees
  3 howler monkeys
  6 electric eels (D:10)
  3 bombardier beetles
  4 lava snakes (Volcano)
  3 hounds
  6 jellies
  14 orc priests
  3 gnoll boudas
  A human zombie (Crypt:1)
  3 sleepcaps
  A human skeleton (Crypt:3)
  Ijyb (D:4)
  3 iguanas
  17 orc wizards
  5 hell rats (Lair:5)
  2 spriggan simulacra (D:12)
  A polar bear simulacrum (D:12)
  2 troll simulacra (D:12)
  A naga zombie (Crypt:1)
  A deep dwarf zombie (Crypt:3)
  A crocodile skeleton (Crypt:2)
  A hound zombie (Crypt:1)
  A hound skeleton (Crypt:3)
  7 mummies (Crypt:3)
  15 gnolls
  9 adders
  3 naga simulacra
  A shadow imp (D:5)
  A white imp (D:5)
  6 ufetubi
  A jelly zombie (Crypt:1)
  A lava snake skeleton (Crypt:3)
  2 dart slugs
  4 ribbon worms
  57 orcs
  5 ball pythons
  4 endoplasms
  A giant cockroach (D:2)
  5 hobgoblins
  2 jackals (D:1)
  4 quokkas
  5 bats
  3 frilled lizards
  2 goblins
  A goblin zombie (Crypt:2)
  22 kobolds
  An orc zombie (Crypt:3)
  5 rats
  A butterfly (Lair:2)
  A lurking horror (Abyss:2)
  A starspawn tentacle (Abyss:2)
2313 creatures vanquished.

Vanquished Creatures (others)
  An electric golem (Zot:5)
  A deep elf blademaster (Elf:3)
  A rockslime (Slime:5)
  A fire giant (Depths:3)
  A deep elf sorcerer (Elf:1)
  A deep elf elementalist (Elf:3)
  An emperor scorpion (Spider:4)
  An orc warlord (Vaults:2)
  An ironbound thunderhulk (Vaults:2)
  A dire elephant (Vaults:3)
  A deep elf annihilator (Elf:3)
  An ice dragon (Depths:4)
  A vault guard (D:13)
  A radroach (Spider:3)
  A two-headed ogre (Volcano)
  A death knight (Crypt:2)
  A deep troll shaman (Depths:4)
  A demonic crawler (Spider:1)
  A deep elf knight (Elf:2)
  A pharaoh ant (Spider:2)
  A skeletal warrior (Crypt:2)
  4 deep trolls
  2 deep elf archers (Elf:1)
  2 arcanists
  A lindwurm (Vaults:1)
  A deep elf zephyrmancer (Elf:2)
  A meliai (Spider:1)
  An elephant (Lair:5)
  A moth of wrath (Zot:2)
  A manticore (Shoals:4)
  A yaktaur (Vaults:1)
  5 tarantellas
  A culicivora (Spider:1)
  A slime creature (Slime:4)
  A wyvern (Lair:4)
  A golden eye (D:12)
  A vampire mosquito (D:12)
  A redback (Spider:1)
  An acid dragon (D:14)
  A lindwurm zombie (Crypt:1)
  A boggart (Vaults:3)
  An ogre (Orc:2)
  A killer bee (D:9)
  A troll simulacrum (D:12)
  An orc (Orc:2)
  4 starspawn tentacles (Abyss:2)
58 creatures vanquished.

Grand Total: 2371 creatures vanquished

Notes
Turn   | Place    | Note
-------+----------+-------------------------------------------
     0 | D:1      | ragingrage the Ghoul Warper began the quest for the Orb.
     0 | D:1      | Reached XP level 1. HP: 17/17 MP: 3/3
   202 | D:1      | Reached XP level 2. HP: 24/24 MP: 4/4
   330 | D:1      | Reached skill level 1 in Stealth
   565 | D:2      | Reached skill level 3 in Unarmed Combat
   565 | D:2      | Reached XP level 3. HP: 6/29 MP: 5/5
  1481 | D:3      | Reached XP level 4. HP: 31/36 MP: 6/6
  1550 | D:3      | Found Saopaff's Book Shop.
  1704 | D:4      | Reached skill level 4 in Unarmed Combat
  1978 | D:4      | HP: 1/36 [iguana (4)]
  2023 | D:5      | Entered Level 5 of the Dungeon
  2115 | D:5      | Reached XP level 5. HP: 41/41 MP: 7/7
  2118 | D:5      | Learned a level 2 spell: Blink
  2122 | D:5      | Learned a level 3 spell: Maxwell's Portable Piledriver
  2464 | D:4      | Reached skill level 5 in Unarmed Combat
  2550 | D:4      | Found a staircase to the Ecumenical Temple.
  2559 | Temple   | Entered the Ecumenical Temple
  2568 | Temple   | Became a worshipper of Ru the Awakened
  2584 | Temple   | Reached XP level 6. HP: 30/48 MP: 8/8
  2664 | D:4      | Noticed a black bear
  2674 | D:4      | Killed a black bear
  3065 | D:3      | Reached skill level 6 in Unarmed Combat
  3771 | D:5      | Noticed Ijyb
  3771 | D:5      | Noticed Grinder
  3771 | D:5      | Noticed a water moccasin
  3790 | D:4      | Killed a water moccasin
  3791 | D:4      | Reached XP level 7. HP: 15/55 MP: 9/9
  3792 | D:4      | Reached skill level 15 in Unarmed Combat
  3792 | D:4      | Reached XP level 8. HP: 19/61 MP: 10/10
  3970 | D:4      | Killed Ijyb
  4363 | D:5      | Gained mutation: You cannot study or cast Ice magic. [Ru
                  | sacrifice]
  4363 | D:5      | Gained mutation: You cannot study or cast Hexes magic. [Ru
                  | sacrifice]
  4363 | D:5      | Gained mutation: You cannot study or cast Conjurations
                  | magic. [Ru sacrifice]
  4363 | D:5      | Reached * piety under Ru
  4408 | D:5      | Noticed Prince Ribbit
  4491 | D:5      | Killed Prince Ribbit
  4499 | D:5      | Found a blossoming altar of Fedhas.
  4517 | D:5      | Killed Grinder
  4518 | D:5      | Reached skill level 5 in Translocations
  4550 | D:5      | Noticed a wyvern
  4561 | D:5      | Killed a wyvern
  4562 | D:5      | Reached XP level 9. HP: 45/71 MP: 11/11
  5247 | D:6      | Noticed Dowan
  5296 | D:6      | Noticed Blork the orc
  5340 | D:6      | Killed Blork the orc
  5341 | D:6      | Reached skill level 5 in Fighting
  5390 | D:6      | Reached skill level 1 in Shields
  6459 | D:7      | Reached XP level 10. HP: 78/83 MP: 12/12
  6747 | D:7      | Found a shadowy altar of Dithmenos.
  6876 | D:7      | Gained mutation: You occasionally shout uncontrollably at
                  | your foes. [Ru sacrifice]
  7619 | D:8      | Found a staircase to the Lair.
  7627 | D:8      | Noticed an elephant
  7650 | D:8      | Killed an elephant
  7879 | D:8      | Reached XP level 11. HP: 84/89 MP: 13/13
  8037 | D:8      | Found a shimmering blue altar of Sif Muna.
  8202 | D:8      | Identified a scroll of acquirement
  8356 | D:8      | Acquired a +4 ring of protection
  8512 | D:8      | Reached skill level 1 in Evocations
  8816 | D:9      | Identified the ring "Itiywu" {Fire ^Drain rN+ Will- Int+9}
  8921 | D:8      | Reached skill level 16 in Unarmed Combat
  9295 | D:9      | Found a staircase to the Orcish Mines.
  9484 | D:9      | Found a basalt altar of Yredelemnul.
  9520 | D:9      | Gained mutation: You are hated by all. [Ru sacrifice]
  9520 | D:9      | Reached ** piety under Ru
  9520 | D:9      | Reached *** piety under Ru
  9546 | D:9      | Paralysed by a spriggan for 5 turns
  9558 | D:9      | Found a faded altar of an unknown god.
  9612 | D:9      | Noticed Erolcha
  9626 | D:9      | Noticed Joseph
  9656 | D:9      | Killed Joseph
  9768 | D:9      | Reached skill level 1 in Armour
  9785 | D:9      | Noticed Psyche
  9911 | D:9      | Killed Psyche
  9950 | D:9      | Found an ancient bone altar of Kikubaaqudgha.
 10174 | D:10     | Entered Level 10 of the Dungeon
 10457 | D:10     | You fall into a shaft and drop 3 floors!
 10547 | D:13     | Reached XP level 12. HP: 101/101 MP: 14/14
 10579 | D:14     | Noticed a catoblepas
 10646 | D:12     | Found a frozen archway.
 10973 | D:13     | Noticed a vault guard
 10998 | D:13     | Killed a vault guard
 10999 | D:13     | Reached skill level 5 in Dodging
 11109 | D:12     | Noticed Maurice
 11441 | D:11     | Noticed Erica
 11441 | D:11     | Paralysed by Erica for 5 turns
 11455 | D:11     | Killed Erica
 11585 | D:11     | Gained mutation: You are somewhat inexperienced. (-1 XL)
                  | [Ru sacrifice]
 11585 | D:11     | Reached XP level 11. HP: 95/95 MP: 13/13
 11585 | D:11     | Reached **** piety under Ru
 11780 | D:11     | Reached skill level 5 in Evocations
 11893 | D:11     | Identified the +6 ring mail "Budumuat" {Rampage}
 11898 | D:11     | Identified the ring of Mistrust {rF+ rC+}
 12390 | D:10     | Noticed a two-headed ogre
 12399 | D:10     | Killed a two-headed ogre
 12599 | D:10     | Found a burning altar of Makhleb.
 13216 | D:12     | Noticed Fannar
 13436 | Lair:1   | Entered Level 1 of the Lair of Beasts
 13754 | D:8      | Reached skill level 5 in Armour
 13892 | Lair:1   | Noticed Amaemon
 14079 | Lair:1   | Killed Amaemon
 14170 | Lair:1   | Reached skill level 10 in Fighting
 14228 | Lair:1   | Reached XP level 12. HP: 70/106 MP: 14/14
 14463 | Lair:1   | Gained mutation: You are sensitive to extremes of
                  | temperature. (rF-, rC-) [Ru sacrifice]
 14463 | Lair:1   | Reached ***** piety under Ru
 14463 | Lair:1   | Reached ****** piety under Ru
 15430 | Lair:2   | Identified the +1 flail of Xom {flame, Will+ rCorr Int+3
                  | SInv}
 15704 | Lair:2   | Found a staircase to the Shoals.
 16225 | Lair:2   | Found a staircase to the Shoals.
 16315 | Lair:2   | Reached skill level 1 in Throwing
 17008 | Lair:3   | Found a hole to the Spider Nest.
 17577 | Lair:3   | Learned a level 4 spell: Vhi's Electric Charge
 17581 | Lair:3   | Learned a level 3 spell: Fugue of the Fallen
 17921 | Lair:4   | Reached XP level 13. HP: 95/113 MP: 15/15
 18302 | Lair:4   | Found a staircase to the Slime Pits.
 19140 | Lair:5   | Entered Level 5 of the Lair of Beasts
 19207 | Lair:5   | Reached skill level 5 in Throwing
 19212 | Lair:5   | Reached skill level 1 in Necromancy
 19375 | Lair:5   | Reached skill level 10 in Dodging
 19602 | Lair:5   | Found a dark tunnel.
 19611 | Volcano  | Entered a volcano
 19859 | Volcano  | Found a burning altar of Makhleb.
 20537 | Lair:5   | Reached skill level 10 in Armour
 20549 | Lair:5   | Reached skill level 5 in Necromancy
 20549 | Lair:5   | Reached XP level 14. HP: 79/109 MP: 7/16
 21496 | Orc:1    | Entered Level 1 of the Orcish Mines
 21612 | Orc:1    | Found Lumanuf's Assorted Antiques.
 21628 | Orc:1    | Bought a scroll labelled ALYSICEQAMO for 35 gold pieces
 21628 | Orc:1    | Bought a bubbling pink potion for 31 gold pieces
 21628 | Orc:1    | Bought a condenser vane for 1400 gold pieces
 21805 | Orc:2    | Entered Level 2 of the Orcish Mines
 21805 | Orc:2    | Found a staircase to the Elven Halls.
 21823 | Orc:2    | Found Etug Seo's Weapon Shop.
 21823 | Orc:2    | Found Ywucwuto's Antique Weapon Emporium.
 21824 | Orc:2    | Found Xeyroen's Armour Emporium.
 21824 | Orc:2    | Found Jukiwiha's Jewellery Boutique.
 22666 | D:9      | Found an ancient bone altar of Kikubaaqudgha.
 23201 | D:9      | Found a faded altar of an unknown god.
 23429 | D:9      | Killed Erolcha
 23579 | Orc:2    | Noticed an orc warlord
 23590 | Orc:2    | Killed an orc warlord
 23591 | Orc:2    | Reached skill level 5 in Stealth
 23790 | Orc:2    | Noticed Azrael
 23792 | Orc:2    | Killed Azrael
 24643 | Orc:1    | You fall into a shaft and drop 1 floor!
 24798 | Orc:1    | Found Cepuisma's Weapon Shoppe.
 25447 | D:12     | Found Jeim's Self-Improvement Boutique.
 25526 | D:12     | Killed Fannar
 25896 | D:12     | Noticed Sonja
 25897 | D:12     | Sonja changed into Sonja the human
 25897 | D:12     | Noticed Sonja
 25898 | D:12     | Sonja the human changed into Sonja the golden eye
 25898 | D:12     | Noticed Sonja
 25954 | D:12     | Killed Sonja the golden eye
 26356 | D:12     | Maurice stole the ring "Itiywu" {Fire ^Drain rN+ Will-
                  | Int+9}
 26362 | D:12     | Killed Maurice
 26662 | D:3      | Bought a manual of Dodging for 880 gold pieces
 26780 | D:6      | Killed Dowan
 26785 | D:6      | Noticed Duvessa
 26790 | D:6      | Killed Duvessa
 26796 | D:6      | Found an opulent altar of Gozag.
 26796 | D:6      | Found a radiant altar of Vehumet.
 26796 | D:6      | Found a bloodstained altar of Trog.
 26993 | D:10     | Reached XP level 15. HP: 90/124 MP: 17/17
 27493 | D:13     | Found a gate to the Vaults.
 27725 | D:13     | Found a large runed translucent door.
 27727 | D:13     | Found a large runed translucent door.
 27825 | D:13     | Found an iron altar of Okawaru.
 27858 | D:13     | Found an iron altar of Okawaru.
 28943 | Spider:1 | Entered Level 1 of the Spider Nest
 29002 | Spider:1 | Reached skill level 17 in Unarmed Combat
 30855 | Spider:1 | Reached skill level 18 in Unarmed Combat
 31439 | Spider:1 | Reached skill level 15 in Dodging
 31467 | Spider:2 | Reached XP level 16. HP: 95/134 MP: 18/18
 32682 | Shoals:1 | Entered Level 1 of the Shoals
 32976 | Shoals:1 | Identified the granite talisman "Racwaim" {+Blink Str+2
                  | Int-4 Dex+4}
 32976 | Shoals:1 | Noticed Roxanne
 33124 | Orc:1    | Bought a scroll of identify for 70 gold pieces
 33124 | Orc:1    | Bought a scroll of identify for 70 gold pieces
 33281 | Shoals:1 | Identified the +2 ring mail of the Black Moon {Str+8 Int+2
                  | Slay-6 SInv}
 33616 | Shoals:1 | Identified the +4 kite shield of Fun {Int+3}
 33616 | Shoals:1 | Noticed Donald
 33629 | Shoals:1 | Killed Donald
 34072 | Shoals:1 | Identified the serpent talisman "Ivaufio" {rF- rCorr Int+8
                  | Dex-5}
 34072 | Shoals:1 | Noticed Aizul
 34095 | Shoals:1 | Killed Aizul
 34922 | Shoals:2 | Reached skill level 5 in Shields
 36510 | Shoals:4 | Entered Level 4 of the Shoals
 36925 | Shoals:4 | Reached XP level 17. HP: 103/146 MP: 19/19
 37221 | Shoals:4 | Reached skill level 19 in Unarmed Combat
 38595 | Shoals:4 | Got a barnacled rune of Zot
 39236 | Spider:2 | Identified the +0 chain mail "Uwyvel" {rPois}
 39333 | Spider:2 | Identified the +5 ring mail of Beqi {Harm Fly Regen+ Dex-4}
 39807 | Spider:3 | Identified the +3 chain mail "Cokhivic" {-Tele ^Contam
                  | Str+10 Stlth+}
 40465 | Spider:4 | Entered Level 4 of the Spider Nest
 41208 | Spider:4 | Reached skill level 10 in Shields
 41304 | Spider:4 | Reached XP level 18. HP: 151/157 MP: 20/20
 42148 | Spider:4 | Got a gossamer rune of Zot
 42530 | Vaults:1 | Entered Level 1 of the Vaults
 42554 | Vaults:1 | You fall into a shaft and drop 1 floor!
 43134 | Vaults:2 | Found Rihie's Distillery.
 43144 | Vaults:2 | Found a staircase to the Crypt.
 44451 | Vaults:1 | Found Lusm's Armour Boutique.
 44898 | Vaults:1 | Identified the +7 great mace "Xom's Passing Interest"
                  | {protect, rF- Int+5}
 44898 | Vaults:1 | Identified the +4 great mace of Hacking and Slashing
                  | {flame, Dex+6}
 44898 | Vaults:1 | Noticed Zumnang's ghost (adept KoEn)
 44899 | Vaults:1 | Found a transporter.
 44902 | Vaults:1 | Found a transporter.
 45533 | Vaults:2 | Reached XP level 19. HP: 148/148 MP: 21/21
 47809 | Vaults:4 | Identified the +2 whip of Terrible Guilt {vamp, rElec rF+
                  | Int-3}
 47877 | Vaults:4 | Reached skill level 10 in Throwing
 48173 | Vaults:4 | Noticed a Tzitzimitl
 48517 | Vaults:4 | Identified the +4 scimitar "Pecitin" {freeze, Will+ rCorr
                  | Str-5}
 49047 | Vaults:4 | Reached XP level 20. HP: 120/159 MP: 22/22
 49247 | Vaults:5 | Entered Level 5 of the Vaults
 49692 | Elf:1    | Entered Level 1 of the Elven Halls
 49717 | Elf:1    | Reached skill level 15 in Fighting
 49861 | Elf:1    | Found Ahaiw's Magic Scroll Shop.
 49873 | Elf:1    | Bought 2 scrolls of blinking for 150 gold pieces
 49873 | Elf:1    | Bought a scroll of vulnerability for 40 gold pieces
 49873 | Elf:1    | Bought a scroll of immolation for 40 gold pieces
 51045 | Elf:1    | Noticed Agnes
 51049 | Elf:1    | Killed Agnes
 51105 | Elf:1    | Found Mablumoth's Overcharged Wands.
 51889 | Elf:2    | Found a huge runed translucent gate.
 51889 | Elf:2    | Found a huge runed translucent gate.
 51889 | Elf:2    | Found a huge runed translucent gate.
 51889 | Elf:2    | Found a huge runed translucent gate.
 51890 | Elf:2    | Found a huge runed translucent gate.
 52042 | Elf:2    | Found Owkazehaxt's Book Shoppe.
 52198 | Elf:2    | Found a shimmering blue altar of Sif Muna.
 52928 | Elf:3    | Entered Level 3 of the Elven Halls
 52928 | Elf:3    | Found a shimmering blue altar of Sif Muna.
 53256 | Vaults:5 | Noticed a dread lich
 53768 | Elf:3    | Got the Volume of Peregrination and Quicksand
 53872 | Abyss:2  | Cast into level 2 of the Abyss (a deep elf sorcerer)
 53882 | Abyss:2  | Found a corrupted altar of Lugonu.
 53999 | Abyss:2  | Reached skill level 15 in Throwing
 54201 | Abyss:2  | Found a corrupted altar of Lugonu.
 54224 | Abyss:2  | Found a corrupted altar of Lugonu.
 54239 | Abyss:2  | Found a corrupted altar of Lugonu.
 54239 | Abyss:2  | Found a corrupted altar of Lugonu.
 54246 | Abyss:2  | Found a corrupted altar of Lugonu.
 54259 | Abyss:2  | Found a corrupted altar of Lugonu.
 54261 | Elf:3    | Escaped the Abyss
 54596 | Elf:3    | Reached XP level 21. HP: 184/184 MP: 23/23
 54613 | Elf:3    | Found Voreor's Antique Armour Emporium.
 54932 | Elf:3    | Identified the ring of Agruithu {AC+4 Str+2 Int+3 Dex+2}
 55286 | Vaults:5 | Noticed an ancient lich
 55289 | Abyss:4  | Cast into level 4 of the Abyss (a deep elf sorcerer)
 55307 | Vaults:5 | Escaped the Abyss
 55308 | Vaults:5 | Paralysed by a dread lich for 3 turns
 56199 | Vaults:4 | Paralysed by a dread lich for 3 turns
 56204 | Vaults:4 | Killed a dread lich
 56913 | Slime:1  | Entered Level 1 of the Pits of Slime
 58851 | Slime:4  | Found a shimmering altar of Xom.
 59315 | Slime:5  | Entered Level 5 of the Pits of Slime
 60483 | Slime:5  | Reached skill level 20 in Unarmed Combat
 61224 | Elf:3    | Bought the +3 warlock's mirror {omnireflect} for 1000 gold
                  | pieces
 61224 | Elf:3    | Found the +3 warlock's mirror {omnireflect}
 61877 | Slime:5  | Noticed the Royal Jelly
 61883 | Slime:5  | Killed the Royal Jelly
 62592 | Slime:5  | Identified the +0 plate armour of the Sacrificial Victim
                  | {rElec rC+ rCorr}
 62615 | Slime:5  | Identified the +10 chain mail of the Elven Halls {-Cast
                  | Regen+ Str+3 Stlth+}
 62626 | Slime:5  | Identified the ring of Checkmate {Fly Str+2 Dex+3}
 62627 | Slime:5  | Identified the +3 falchion of Japullun {drain, rPois SInv
                  | Stlth+}
 62628 | Slime:5  | Identified the +3 arbalest of Kismet {penet, rC+}
 62629 | Slime:5  | Identified the +0 ring mail "Piamna" {rN+ Int+3}
 62630 | Slime:5  | Identified the +1 ring mail "Reeruec" {rCorr}
 62641 | Slime:5  | Identified the +4 battleaxe "Ikas" {flame, Will+ Dex+3}
 62672 | Slime:5  | Got a slimy rune of Zot
 63308 | Elf:3    | HP: 3/145 [deep elf sorcerer/bolt of acid (30)]
 64891 | Elf:3    | Identified the ring of Siriog {Fire rElec Str+3}
 64906 | Elf:3    | Reached XP level 22. HP: 175/177 MP: 24/24
 65122 | Elf:3    | Identified the +4 glaive of the Realm of Zot {elec, Will+
                  | Str+3}
 65122 | Elf:3    | Identified the ring "Zameruho" {rPois rF+ Str+3 Stlth+}
 65699 | Elf:3    | Identified the +0 war axe "Sarcophage" {spect, Int+3}
 65716 | Elf:3    | Identified the +0 pair of boots "Haufir" {+Inv Str+2 Int+3}
 65729 | Elf:3    | Identified the staff "Wethrous" {rN+ Int+5 Necro}
 65731 | Elf:3    | Identified the staff of Lucom {rPois Fire Alchemy}
 66067 | D:15     | Entered Level 15 of the Dungeon
 66067 | D:15     | Found Xihic's Magic Scroll Emporium.
 66101 | D:15     | Bought a scroll of blinking for 105 gold pieces
 66101 | D:15     | Bought a scroll of blinking for 105 gold pieces
 66101 | D:15     | Bought a scroll of blinking for 105 gold pieces
 66101 | D:15     | Bought a scroll of teleportation for 42 gold pieces
 66101 | D:15     | Bought a scroll of teleportation for 42 gold pieces
 66101 | D:15     | Bought a scroll of vulnerability for 56 gold pieces
 66130 | D:15     | Noticed Jorgrun
 66138 | D:15     | Killed Jorgrun
 66151 | D:15     | Reached skill level 21 in Unarmed Combat
 66204 | D:15     | Found a staircase to the Depths.
 66259 | D:15     | Noticed Rupert
 66266 | D:15     | Found a portal to a secret trove of treasure.
 66270 | D:15     | Killed Rupert
 66463 | D:15     | Found a hide-covered altar of Uskayaw.
 67524 | D:15     | You paid a toll of a +5 demon trident to enter a treasure
                  | trove
 67525 | Trove    | Entered a treasure trove
 67529 | Trove    | Found the +0 cloak of the Thief {Quiet Slay-3 SInv Stlth+}
 67532 | Trove    | Identified the scarf of Evolution {+Inv, Rampage *Slow
                  | rCorr}
 67535 | Trove    | Identified the +5 kite shield of Monwad {rCorr Int+3}
 67537 | Trove    | Identified the +1 ring mail of the Other Side {Regen+ MP+9
                  | Stlth+}
 67538 | Trove    | Identified the +1 plate armour of Fortification {rElec
                  | Will+ rCorr}
 67540 | Trove    | Identified the +0 plate armour "Pyeqer" {rF+ Int+3 Dex-2
                  | Slay+3}
 67542 | Trove    | Identified the +0 pair of boots of the Kappa {rF+ rCorr
                  | Int+4}
 67545 | Trove    | Identified the +0 cloak "Foghozih" {Rampage rC++ Str-4}
 67556 | Trove    | Identified the +0 pair of gloves "Plog" {rN+}
 67560 | Trove    | Identified the +8 plate armour "Jywoejoo" {rElec}
 67562 | Trove    | Identified the +6 chain mail of Inference {rC+ rCorr Dex-4}
 67871 | Depths:1 | Entered Level 1 of the Depths
 68256 | Depths:1 | Found Imokkec's Jewellery Boutique.
 68258 | Depths:1 | Found Duclesi's Antique Armour Shop.
 68260 | Depths:1 | Found Bitoar's Magic Scroll Boutique.
 68268 | Depths:1 | Bought a scroll of teleportation for 63 gold pieces
 68268 | Depths:1 | Bought a scroll of blinking for 157 gold pieces
 68268 | Depths:1 | Bought a scroll of enchant armour for 157 gold pieces
 68388 | Depths:1 | Found Badaewn's Gadget Gallery.
 68397 | Depths:1 | Bought a wand of roots (8) for 268 gold pieces
 68606 | Depths:1 | Found a gateway to Hell.
 68833 | Depths:1 | Found a one-way gate leading to the halls of Pandemonium.
 68946 | Depths:2 | Found Lecly's Antique Armour Emporium.
 69068 | Depths:2 | Identified the +10 mace of Yredelemnul's Respect {freeze,
                  | Will++}
 70056 | Depths:2 | You fall into a shaft and drop 1 floor!
 70227 | Depths:3 | Found a sparkling altar of Nemelex Xobeh.
 70353 | Depths:3 | Noticed Xtahua
 70368 | Depths:3 | Killed Xtahua
 70420 | Depths:3 | Found a one-way gateway to a ziggurat.
 70613 | Depths:3 | Reached skill level 10 in Necromancy
 70673 | Depths:3 | Found a one-way gate to the infinite horrors of the Abyss.
 70904 | Depths:3 | Reached XP level 23. HP: 194/222 MP: 25/25
 71925 | Depths:2 | Identified the +2 robe of Cocytus {rC+ Stlth+}
 72287 | Depths:2 | Reached skill level 15 in Armour
 72572 | Depths:4 | Entered Level 4 of the Depths
 72883 | Depths:4 | Found a radiant altar of Vehumet.
 73261 | Depths:4 | Found a gate to the Realm of Zot.
 73451 | Depths:4 | Reached skill level 1 in Air Magic
 73917 | Zot:1    | Entered Level 1 of the Realm of Zot
 75095 | Zot:2    | Noticed an orb of fire
 75117 | Zot:2    | Killed an orb of fire
 75416 | Zot:2    | Noticed a curse toe
 75433 | Zot:2    | Killed a curse toe
 75462 | Zot:2    | Identified the +5 short sword "Maujoism" {freeze, Int+3
                  | Dex+4}
 76188 | Zot:3    | Noticed an orb of fire
 76210 | Zot:3    | Killed an orb of fire
 76211 | Zot:3    | Reached skill level 10 in Evocations
 76217 | Zot:3    | You fall into a shaft and drop 1 floor!
 76217 | Zot:4    | Noticed a Killer Klown
 76228 | Zot:5    | Entered Level 5 of the Realm of Zot
 76240 | Zot:5    | Reached XP level 24. HP: 170/226 MP: 25/25
 76774 | Zot:5    | Noticed a dread lich
 76777 | Zot:5    | Noticed an orb of fire
 76780 | Zot:5    | Killed a dread lich
 76781 | Zot:5    | Reached skill level 5 in Air Magic
 76795 | Zot:5    | Killed an orb of fire
 76968 | Zot:5    | Noticed a Killer Klown
 76991 | Zot:5    | Killed a Killer Klown
 77536 | Zot:5    | Noticed an orb of fire
 77556 | Zot:5    | Killed an orb of fire
 77880 | Zot:5    | Noticed an orb of fire
 77902 | Zot:5    | Killed an orb of fire
 78614 | Zot:5    | Killed a Killer Klown
 79296 | Zot:4    | Identified the +2 helmet of True Grit {Will+ rCorr}
 79330 | Zot:4    | Reached XP level 25. HP: 217/217 MP: 25/25
 79915 | Zot:3    | Got Ecri's Incunabulum of The Black Sun
 79956 | Zot:3    | Identified the +7 short sword "Isizyezuun" {drain, +Blink
                  | Int+3}
 80567 | Zot:4    | Identified the +0 ring mail "Liassepn" {rC+}
 80768 | Zot:5    | Noticed a Killer Klown
 80768 | Zot:5    | Noticed an orb of fire
 80789 | Zot:5    | Killed a Killer Klown
 80814 | Zot:5    | Killed an orb of fire
 81038 | Zot:5    | Noticed a Killer Klown
 81387 | Zot:5    | Noticed a dread lich
 81418 | Zot:5    | Killed a dread lich
 81562 | Zot:5    | Noticed an orb of fire
 82360 | Zot:5    | Learned a level 4 spell: Passage of Golubria
 82437 | Zot:5    | Killed an orb of fire
 82989 | Vaults:5 | Identified the ring "Pyrra" {rN+ Int+6 Slay+2}
 83009 | Vaults:5 | Noticed Margery
 83020 | Vaults:4 | Killed an ancient lich
 83021 | Vaults:4 | Reached skill level 10 in Translocations
 83021 | Vaults:4 | Reached XP level 26. HP: 204/232 MP: 20/25
 83121 | Vaults:5 | Killed Margery
 83134 | Vaults:4 | Killed the ghostly Margery
 83590 | Vaults:5 | Noticed an ancient lich
 83609 | Vaults:5 | Killed an ancient lich
 83609 | Vaults:5 | Noticed Saint Roka
 83632 | Vaults:5 | Killed Saint Roka
 83872 | Vaults:5 | Identified the ring "Jiygyomm" {rC++ Will+ SInv}
 84269 | Vaults:5 | Identified the +4 chain mail of an ossuary {rC+ rCorr Str+4
                  | Dex+4}
 84400 | Vaults:5 | Identified the ring of Parur {Fly rN+ MP+9 Dex+3}
 84530 | Vaults:5 | Identified the +6 chain mail of Tomorrow {Int+3}
 84646 | Vaults:5 | Got a silver rune of Zot
 85098 | Crypt:1  | Entered Level 1 of the Crypt
 85429 | Crypt:1  | Reached skill level 22 in Unarmed Combat
 86347 | Zot:5    | Noticed an ancient lich
 86618 | Zot:5    | Noticed an orb of fire
 86810 | Zot:5    | Killed an ancient lich
 87979 | Zot:5    | Noticed an orb of fire
 88003 | Zot:5    | Killed an orb of fire
 88153 | Zot:5    | Noticed an ancient lich
 88165 | Zot:5    | Killed an ancient lich
 88166 | Zot:5    | Reached skill level 23 in Unarmed Combat
 88444 | Zot:5    | Reached skill level 24 in Unarmed Combat
 88550 | Zot:5    | Killed an orb of fire
 90117 | Crypt:2  | Reached skill level 25 in Unarmed Combat
 90203 | Crypt:2  | Identified the +0 scale mail of Muafefag {*Corrode Dex+3
                  | SInv Stlth+}
 90775 | Crypt:3  | Entered Level 3 of the Crypt
 90896 | Crypt:3  | Found a staircase to the Tomb.
 90933 | Crypt:3  | Noticed an ancient lich
 90955 | Crypt:3  | Killed an ancient lich
 91199 | Crypt:3  | Reached skill level 26 in Unarmed Combat
 91764 | Crypt:3  | Identified the amulet of Reimbursement {RegenMP+ Str+2
                  | Dex+4}
 92059 | Crypt:3  | Found an ancient bone altar of Kikubaaqudgha.
 92081 | Crypt:3  | Identified the ring of the Final Chapter {rPois Will+ AC+4
                  | Dex-5}
 92124 | Crypt:3  | Identified the staff of Qeddof {rElec rPois rF+ Int-5 Tloc
                  | Alchemy}
 92650 | Zig:1    | Entered Level 1 of a ziggurat
 92689 | Zig:2    | Entered Level 2 of a ziggurat
 92720 | Zig:3    | Entered Level 3 of a ziggurat
 92752 | Zig:3    | Identified the +8 spear of Feavva {flame, *Corrode rF+
                  | Dex+2 Stlth+}
 92767 | Zig:4    | Entered Level 4 of a ziggurat
 92776 | Zig:4    | Reached skill level 27 in Unarmed Combat
 92785 | Zig:4    | Identified the +6 broad axe of Spite {venom, Int+4}
 92794 | Zig:4    | Identified the ring "Zisav" {rPois MP+9 Stlth+}
 93029 | Zot:5    | Got the Orb of Zot
 93510 | D:$      | Escaped with the Orb!

Illustrated notes

Levels and vault maps discovered:
D:1:      heliophobic_arrival_battle_scene, layout_rooms
D:2:      layout_basic
D:3:      layout_loops_ring, serial_shops, shop_fountains
D:4:      layout_loops_ring, minmay_temple_entry_waves
D:5:      layout_gridville, mainiacjoe_overflow_small_starburst, uniq_ijyb,
          uniq_prince_ribbit1, uniq_grinder
D:6:      layout_loops_corners, gammafunk_temple_overflow_claw, uniq_duvessa,
          uniq_blork_the_orc
D:7:      layout_gridville, nicolae_dithmenos_shadow_blocks
D:8:      layout_loops_ring, kennysheep_orc_sif_temple, david_lair_generic
D:9:      layout_long_grid, beargit_hepliaklqana_dungeon_heroes,
          kiku_gazebo_pond_becter, mainiacjoe_overflow_surrounded_room,
          erik_orc_3, uniq_erolcha, uniq_psyche, uniq_joseph
D:10:     cheibrodos_two_vegetables, layout_cave_pods, lightli_temple_of_fire
D:11:     layout_stronghold, uniq_erica
D:12:     minmay_distorted_concentric_squares, layout_grid_maze,
          portal_ice_cave_entry_ice_simulacra, nicolae_shop_self_help,
          uniq_fannar, uniq_sonja, uniq_maurice
D:13:     okawaru_arena_lexackson, layout_loops_ring,
          lightli_vaults_fourway_checkpoint
D:14:     layout_basic
D:15:     hangedman_depths_entry_civil_slaughter, layout_cave_pools,
          nicolae_uskayaw_dance_hall, serial_shops, nicolae_square_shop,
          enter_trove_0, uniq_rupert, uniq_jorgrun
Temple:   hc_temple_tempest_star
Lair:1:   layout_roguey, grunt_megastairs_2, uniq_amaemon
Lair:2:   layout_hall_layers, minmay_shoals_entry_hut, grunt_megastairs_5,
          serial_bayou_shore_a, lemuel_fruit_fields
Lair:3:   layout_chaotic_city, nicolae_spider_entry_orb_guardian
Lair:4:   layout_small_grid, nicolae_slime_entry_field_trip, st_stairs_4,
          grunt_megastairs_1
Lair:5:   hangedman_lair_in_review, layout_cave_shapes,
          nicolae_volcano_entry_hallway, chequers_serial_rivers_large_a
Shoals:1: layout_shoals, uniq_roxanne, uniq_aizul, uniq_donald
Shoals:2: layout_shoals
Shoals:3: layout_shoals, nicolae_shoals_former_cling_halls
Shoals:4: shoals_end_grunt_ice, layout_shoals,
          nicolae_shoals_beach_house_on_fowls_legs
Spider:1: layout_cave_pods, hangedman_spider_tarantella_strand
Spider:2: nicolae_spider_mines_1
Spider:3: layout_spider_delve, nicolae_spider_nooks_and_crannies
Spider:4: grunt_spider_rune_circles
Slime:1:  layout_caves, nicolae_slime_phagocytosis
Slime:2:  layout_caves
Slime:3:  layout_caves
Slime:4:  cheibrodos_slime_lost_civilization_9, layout_caves, basic_altar
Slime:5:  slime_pit_nicolae_royal_road_to_ruin
Orc:1:    layout_caves, serial_shops, nicolae_shop_hallway_plus, shop,
          basic_altar
Orc:2:    st_orc_ogre_mass, layout_caves, basic_altar, minmay_orc_temple_a,
          uniq_azrael
Elf:1:    elf_arrival_001, layout_geoelf_grid, serial_shops,
          nicolae_shop_waterfront, hangedman_elf_disciples,
          nicolae_shop_overcharged_wands, uniq_agnes
Elf:2:    elven_hall_of_blades_hangedman_alternative
          [nicolae_blade_entry_sentries_behind_glass], layout_gridlike,
          basic_altar, serial_shops, shop
Elf:3:    minmay_elf_hall_circle, layout_loops_corners, serial_shops, shop,
          basic_altar, st_stairs_3, nicolae_elf_shapeshifter_party
Vaults:1: gammafunk_ghost_smash, vaults_room_hallway,
          nicolae_vaults_taking_the_gang_shopping, vaults_dpeg_hooks,
          nicolae_vaults_diamond_1, nicolae_vaults_storage_closets_3,
          nicolae_vaults_six-pack, ontoclasm_vaults_decontamination,
          nicolae_vaults_house_3, layout_vaults_big_room
Vaults:2: v_misc_10, v_pattern_4, ontoclasm_vaults_fault,
          nicolae_vaults_little_squares_1, nicolae_vaults_more_shelving_2,
          nicolae_vaults_double_plus_1, layout_vaults_omnigrid, serial_shops,
          nicolae_shop_waterfront
Vaults:3: hangedman_vaults_stretched_pinwheel, vaults_dpeg_spiral, v_misc_1,
          vaults_mumra_minichess_inversion, v_rooms_2,
          nicolae_vaults_trapezoid_lopsided_2,
          nicolae_vaults_storage_room_glass, nicolae_vaults_big_ls,
          lightli_orcish_oven, nicolae_vaults_network_barrier,
          nicolae_vaults_trapezoid_lopsided_2, vaults_dpeg_diagonal,
          nicolae_vaults_little_squares_5, nicolae_vaults_offset_grid_hallway_3,
          layout_vaults_ring
Vaults:4: nicolae_vaults_specimen_jars, nicolae_vaults_variable_pillar_hall,
          st_hourglassy, ontoclasm_vaults_spin, nicolae_vaults_stepped_doors,
          v_pattern_5, nicolae_vaults_heart-shaped_vault,
          nicolae_vaults_little_squares_2, ontoclasm_vaults_tryst,
          nicolae_vaults_closet_pinwheel_3, layout_vaults_maze
Vaults:5: uniq_margery, uniq_saint_roka
Crypt:1:  layout_misc_corridors, minivault_4, minmay_misc_feat_cross,
          grunt_crypt_arrival_split
Crypt:2:  layout_chaotic_city
Crypt:3:  lightli_unholy_cathedral, layout_chaotic_city,
          nicolae_tomb_entry_grand_gallery, minivault_26,
          roderic_lattice_octagonal_star
Depths:1: layout_small_grid, grunt_pan_entry_sceptre, minmay_misc_feat_chi,
          hangedman_tar_grid_catacomb, nicolae_shop_gadgets, minmay_shop_star,
          serial_bayou_shore_b
Depths:2: minmay_tri_stars, layout_long_grid, serial_shops, shop,
          nicolae_figureground_pulse, hellmouth_1, rand_demon_pan_entry_1,
          hangedman_decor_points
Depths:3: dreamdust_cat_pyramid, layout_gridlike, enter_ziggurat_e, hell_entry,
          nemelex_lonely_heart_becter, abyss_entry, grunt_pan_entry_in_and_out,
          kennysheep_pointless_box, grunt_megastairs_3, serial_bayou_shore_b,
          infiniplex_staircase_pool_2, uniq_xtahua
Depths:4: evilmike_zot_entry_basic, layout_cave_shapes,
          nicolae_abyss_entry_one_way_or_another, grunt_hell_entry_dis_mu,
          nicolae_vehumet_radiance, roderic_lattice_a
Zot:1:    layout_gridlike
Zot:2:    layout_gridlike, regret_index_zotdec_magical_s
Zot:3:    dreamdust_black_sun_cult, layout_basic
Zot:4:    layout_onion, regret_index_zotdec_zees, hangedman_zot_gyre,
          amethyst_zot_foddershock
Zot:5:    layout_gridlike, skrybe_zot_glass_2

Skill      XL: |  1  2  3  4  5  6  7  8  9 10 11 12 13 14 15 16 17 18 19 20 21 22 23 24 25 26 |
---------------+-------------------------------------------------------------------------------+-----
Stealth        | 1 2 5 |  5.0
Unarmed Combat | 3 4 5 6 15 16 18 19 20 21 27 | 27.0
Translocations | 3 4 5 7 8 10 12 | 12.0
Fighting       | 4 6 10 11 13 14 15 17 21 22 | 22.2
Shields        | 2 4 6 10 12 14 | 14.0
Dodging        | 6 9 10 11 15 16 | 16.7
Evocations     | 5 8 9 10 11 13 | 13.0
Armour         | 5 8 10 11 12 13 14 16 17 18 | 18.0
Throwing       | 4 6 7 11 15 16 | 16.0
Necromancy     | 5 6 7 10 11 | 11.0
Air Magic      | 4 6 8 |  8.0
Spellcasting   | 4 |  4.0
Axes           | |  0.5

Action                     |  1- 3 |  4- 6 |  7- 9 | 10-12 | 13-15 | 16-18 | 19-21 | 22-24 | 25-27 || total
---------------------------+-------+-------+-------+-------+-------+-------+-------+-------+-------++-------
  Melee: Unarmed           |   146 |   174 |   175 |  1023 |  1387 |  1829 |  1409 |  1504 |  1580 ||  9227
  Throw: Dart              |       |     2 |       |    27 |    65 |   115 |     3 |       |       ||   212
         Boomerang         |       |    12 |     7 |     2 |       |    34 |   193 |   102 |    49 ||   399
         Javelin           |       |       |       |       |     2 |       |    18 |    24 |    14 ||    58
   Cast: Maxwell's Portabl |       |       |       |    15 |       |       |       |     1 |       ||    16
         Fugue of the Fall |       |       |       |       |     7 |    27 |    45 |    30 |    34 ||   143
         Passage of Golubr |       |       |       |       |       |       |       |       |     2 ||     2
         Vhi's Electric Ch |       |       |       |       |       |       |       |       |     2 ||     2
 Invoke: Sacrifice Arcana  |       |       |     1 |       |       |       |       |       |       ||     1
         Sacrifice Purity  |       |       |       |     1 |       |       |       |       |       ||     1
         Power Leap        |       |       |       |     2 |     3 |     2 |       |       |       ||     7
         Sacrifice Love    |       |       |       |     1 |       |       |       |       |       ||     1
         Sacrifice Experie |       |       |       |     1 |       |       |       |       |       ||     1
         Apocalypse        |       |       |       |     3 |    13 |    15 |    20 |    12 |     8 ||    71
         Sacrifice Resista |       |       |       |     1 |       |       |       |       |       ||     1
  Evoke: Wand              |       |       |     2 |    15 |     6 |     6 |     9 |    17 |     2 ||    57
         Condenser vane    |       |       |       |       |     1 |     3 |       |       |     1 ||     5
         Gell's gravitambo |       |       |       |       |       |     1 |       |       |       ||     1
         Lightning rod     |       |       |       |       |       |     7 |     7 |       |       ||    14
    Use: Potion            |       |     7 |     3 |     2 |     4 |       |     7 |     5 |     5 ||    33
         Scroll            |       |     2 |     5 |     9 |     6 |     6 |     6 |    12 |     1 ||    47
   Stab: Sleeping          |       |     1 |     1 |     1 |     1 |     3 |     9 |     1 |       ||    17
         Distracted        |       |       |     1 |     3 |     2 |    10 |     9 |     9 |    14 ||    48
         Invisible         |       |       |       |     9 |    10 |     9 |     6 |    13 |     7 ||    54
         Paralysed         |       |       |       |     6 |    20 |    29 |    28 |    27 |    16 ||   126
         Petrified         |       |       |       |       |     9 |       |       |       |       ||     9
 Armour: Leather armour    |    96 |   116 |   125 |   256 |     1 |       |       |       |       ||   594
         Ring mail         |       |       |       |   433 |  1065 |  1034 |   411 |       |       ||  2943
         Acid dragon scale |       |       |       |       |       |       |   159 |       |       ||   159
         Chain mail        |       |       |       |       |       |       |    45 |    86 |       ||   131
         Plate armour      |       |       |       |       |       |       |     2 |   724 |   719 ||  1445
  Dodge: Dodged            |    91 |    92 |    72 |   385 |   871 |   649 |   416 |   354 |   335 ||  3265
  Block: Buckler           |       |    17 |    21 |   157 |   211 |    35 |    74 |   717 |   854 ||  2086
         Kite shield       |       |       |       |       |       |   915 |   905 |       |       ||  1820
         Reflection        |       |       |       |       |       |       |    75 |    67 |    67 ||   209

Table legend: (Time is in decaauts)
 A = Elapsed time spent in this place.
 B = Non-inter-level travel time spent in this place.
 C = Inter-level travel time spent in this place.
 D = Time resting spent in this place.
 E = Time spent auto-exploring this place.
 F = Levels seen in this place.
 G = Mean time per level.
                   A        B        C        D        E       F      G
               +--------+--------+--------+--------+--------+-----+--------+
         Total |  91500 |  79528 |  11972 |  20329 |  42000 |  64 | 1429.7 |
       Dungeon |  22710 |  18176 |   4534 |   2896 |  11305 |  15 | 1514.0 |
        Temple |     88 |     72 |     16 |     64 |      0 |   1 |   88.0 |
          Lair |   8206 |   6902 |   1304 |   1149 |   4397 |   5 | 1641.2 |
        Shoals |   5781 |   5519 |    262 |   1429 |   2447 |   4 | 1445.2 |
   Spider Nest |   6744 |   6385 |    359 |   2233 |   2605 |   4 | 1686.0 |
    Slime Pits |   4831 |   4196 |    635 |   1643 |   1715 |   5 |  966.2 |
  Orcish Mines |   1955 |   1588 |    367 |    534 |    759 |   2 |  977.5 |
   Elven Halls |   7567 |   6112 |   1455 |   2615 |   2204 |   3 | 2522.3 |
        Vaults |  10976 |   9533 |   1443 |   1597 |   6017 |   5 | 2195.2 |
         Crypt |   3524 |   3303 |    221 |    596 |   1891 |   3 | 1174.7 |
        Depths |   6202 |   5581 |    621 |    502 |   3956 |   4 | 1550.5 |
           Zot |  11765 |  11014 |    751 |   4808 |   4605 |   5 | 2353.0 |
         Abyss |    401 |    401 |      0 |     54 |      0 |   2 |  200.5 |
      Ziggurat |    124 |    124 |      0 |      0 |      0 |   4 |   31.0 |
         Trove |     70 |     70 |      0 |      0 |      6 |   1 |   70.0 |
       Volcano |    547 |    547 |      0 |    205 |     89 |   1 |  547.0 |
               +--------+--------+--------+--------+--------+-----+--------+

Top non-repeatable levels by time:
   Zot:5: 7559 daAuts
Vaults:4: 3707 daAuts
     D:9: 3558 daAuts
   Elf:3: 3326 daAuts
Spider:1: 3220 daAuts
   Elf:1: 2910 daAuts
Shoals:4: 2449 daAuts
     D:8: 2416 daAuts
Vaults:3: 2127 daAuts
Vaults:2: 2081 daAuts
Depths:2: 2052 daAuts
  Lair:2: 2035 daAuts
    D:10: 1952 daAuts
    D:12: 1929 daAuts
    D:13: 1901 daAuts
